 Dungeon Crawl Stone Soup version bcrawl-1.15.1 (webtiles) character file.

Game seed: 3156296338523686413

56 Kerapac the Magician (level 3, -5/26 HPs)
             Began as an Oni Conjurer on Sept 28, 2019.
             Slain by Crazy Yiuf
             ... wielding a +2 quarterstaff of chaos
              (11 damage)
             ... on level 2 of the Dungeon.
             The game lasted 00:04:12 (2257 turns).

Kerapac the Magician (Oni Conjurer)                 Turns: 2257, Time: 00:04:13

Health: -5/26      AC:  4    Str: 11    XL:     3   Next: 95%
Magic:  1/9        EV: 11    Int: 17    God:
Gold:   163        SH:  0    Dex: 11    Spells: 3/7 levels left

rFire    . . .     SeeInvis .   (no weapon)
rCold    . . .     Gourm    .   (no shield)
rNeg     . . .     Faith    .   m - +0 leather armour (curse)
rPois    .         Spirit   .   n - +1 hat
rElec    .         Reflect  .   (no cloak)
rCorr    .         Harm     .   (no gloves)
MR       .....                  (no boots)
Stlth    +.........             (no amulet)
HPRegen  0.08/turn              (no ring)
MPRegen  0.11/turn              (no ring)

@: very slightly contaminated, invisible
A: oni magic, claws 1, fangs 1, horns 1
a: no special abilities


You were on level 2 of the Dungeon.
You were very hungry.

You visited 1 branch of the dungeon, and saw 2 of its levels.

You collected 163 gold pieces.

Inventory:

Armour
 a - a +0 animal skin
 m - a cursed +0 leather armour (worn)
 n - a +1 hat (worn)
Jewellery
 p - a cursed -2 ring of protection {unknown}
Scrolls
 e - a scroll of fog {unknown}
 h - a scroll of identify {unknown}
 l - a scroll of remove curse {unknown}
 o - a scroll of teleportation {unknown}
Potions
 b - a potion of resistance {unknown}
 c - 2 potions of magic
 f - a potion of brilliance {unknown}
 g - a potion of heal wounds {unknown}
 i - a potion of lignification {unknown}
 j - 2 potions of haste {unknown}
 k - a potion of cancellation {unknown}
Comestibles
 d - 3 rations {!d}


   Skills:
 - Level 1.7 Dodging
 - Level 1.7 Stealth
 + Level 2.8 Spellcasting


You had 3 spell levels left.
You knew the following spells:

 Your Spells              Type           Power        Failure   Level  Hunger
a - Magic Dart            Conj           ##..         6%          1    #......
b - Iskenderun's Mystic   Conj           ##......     19%         3    ###....

Your spell library contained the following spells:

 Spells                   Type           Power        Failure   Level  Hunger
 Sting                    Conj/Pois      ##..         7%          1    #......
 Searing Ray              Conj           ##....       9%          2    ##.....
 Fulminant Prism          Conj/Hex       ##........   56%         4    #####..
 Irradiate                Conj/Tmut      ##........   89%         5    ######.


Dungeon Overview and Level Annotations

Branches:
Dungeon (2/12)

Altars:

Annotations:
D:2 Crazy Yiuf


Innate Abilities, Weirdness & Mutations

You learn spells by gaining experience, not through books or religion.
You only train spellcasting to practice magic.
You have sharp fingernails.
You have very sharp teeth.
You have a pair of small horns on your head.


Message History

Casting: Magic Dart (safe; 6% risk of failure)
Confirm with . or Enter, or press ? or * to list all spells.
Aiming: Magic Dart (safe; 6% risk of failure)
Press: ? - help, Shift-Dir - straight line, f/p - Crazy Yiuf
Aim: Crazy Yiuf, wielding a +2 quarterstaff of chaos and wearing a +0 cloak (almost dead)
The magic dart hits Crazy Yiuf.
Crazy Yiuf is almost dead.
Crazy Yiuf hits you with a +2 quarterstaff of chaos.
* * * LOW HITPOINT WARNING * * *
You fade into invisibility!
You are very lightly contaminated with residual magic.
Casting: Magic Dart (safe; 6% risk of failure)
Confirm with . or Enter, or press ? or * to list all spells.
Aiming: Magic Dart (safe; 6% risk of failure)
Press: ? - help, Shift-Dir - straight line, f/p - Crazy Yiuf
Aim: Crazy Yiuf, wielding a +2 quarterstaff of chaos and wearing a +0 cloak (almost dead)
The magic dart hits Crazy Yiuf.
Crazy Yiuf is almost dead.
Crazy Yiuf hits you with a +2 quarterstaff of chaos!
You die...

#..##.######
#(.........#
#.###.####.# ...##.# ###
.#....###
........##♣♣♣♣♣
)#####.#..P.♣.♣♣♣ ### .#
#.......♣..♣#...# .#
#....P.♣♣♣♣@g...# .#
##....♣♣ ♣♣#..)# .#
####♣♣ ### .# ### .# #..
.# #.# ##### ####
.#####.######...# #..#†#
.#.............## ##.#.#
.#.###.########.###..#.#


You could see Crazy Yiuf.

Vanquished Creatures
  An adder (D:2)
  3 worms (D:2)
  2 dart slugs
  2 leopard geckos (D:1)
  A bat (D:2)
  A giant cockroach (D:1)
  2 goblins (D:2)
  5 hobgoblins
  3 jackals (D:1)
  5 frilled lizards
  5 kobolds
  A quokka skeleton (D:2)
  2 rats
33 creatures vanquished.

Notes
Turn   | Place    | Note
-------+----------+-------------------------------------------
     0 | D:1      | Kerapac the Oni Conjurer began the quest for the Orb.
     0 | D:1      | Reached XP level 1. HP: 14/14 MP: 4/4
   599 | D:1      | Reached XP level 2. HP: 20/20 MP: 6/6
   658 | D:1      | Reached skill level 2 in Spellcasting
  1468 | D:2      | Reached XP level 3. HP: 26/26 MP: 4/8
  1476 | D:2      | Learned a level 3 spell: Iskenderun's Mystic Blast
  2244 | D:2      | Found a runed door.
  2248 | D:2      | Noticed Crazy Yiuf
  2257 | D:2      | Slain by Crazy Yiuf

Skill      XL: |  1  2 |
---------------+-------+-----
Spellcasting   | 2 |  2.8
Dodging        | |  1.7
Stealth        | |  1.7

Action                   || total
-------------------------++-------
Melee: Unarmed           ||    76
       Bite              ||     2
       Headbutt          ||     7
 Cast: Magic Dart        ||    63
  Eat: Ration            ||     1
Armor: Animal skin       ||     9
       Leather armour    ||     5
Dodge: Dodged            ||    53
